 Dungeon Crawl Stone Soup version 0.31-a0-726-g3c93526463 (webtiles) character file.

Game seed: 8476282996989515048

24 Revguard the Trooper (level 2, 0/24 HPs)
             Began as a Demonspawn Fighter on Sept 11, 2023.
             Slain by Terence
             ... wielding a +0 trident
              (5 damage)
             ... on level 2 of the Dungeon.
             The game lasted 00:01:45 (942 turns).

Revguard the Trooper (Demonspawn Fighter)            Turns: 942, Time: 00:01:46

Health: 0/24       AC:  6    Str: 16    XL:     2   Next: 79%
Magic:  2/2        EV:  9    Int:  9    God:
Gold:   142        SH:  4    Dex: 12    Spells: 1/1 levels left

rFire   . . .        a - +0 war axe
rCold   . . .        c - +0 buckler
rNeg    . . .        b - +0 scale mail
rPois   .            (helmet restricted)
rElec   .            (no cloak)
rCorr   .            (no gloves)
SInv    .            (no boots)
Will    .....        (no amulet) Stlth
                     (no ring)
HPRegen 0.24/turn    (no ring)
MPRegen 0.08/turn

%: no passive effects
@: no status effects
A: horns 1
a: no special abilities


You were on level 2 of the Dungeon.
You visited 1 branch of the dungeon, and saw 2 of its levels.

You collected 142 gold pieces.

Inventory:

Hand Weapons
 a - a +0 war axe (weapon)
Armour
 b - a +0 scale mail (worn)
 c - a +0 buckler (worn)
Jewellery
 m - a ring of fire
Scrolls
 e - 2 scrolls of teleportation {unknown}
 g - a scroll of immolation {unknown}
 i - a scroll of noise {unknown}
 k - a scroll of identify {unknown}
 l - a scroll of poison {unknown}
Potions
 d - a potion of might
 f - a potion of brilliance {unknown}
 h - a potion of enlightenment {unknown}
 j - a potion of haste {unknown}


   Skills:
 + Level 3.1 Fighting
 + Level 2.1 Axes
 + Level 2.8 Armour
 + Level 0.4 Dodging
 + Level 2.8 Shields
 + Level 0.8 Invocations
 + Level 0.6 Evocations


You had one spell level left.
You didn't know any spells.
Your spell library was empty.

Dungeon Overview and Level Annotations

Branches:
Dungeon (2/15)

Altars:

Annotations:
D:2 Terence


Innate Abilities, Weirdness & Mutations

You have a pair of small horns on your head.


Message History

You hit the quokka.
You feel sick.
You are no longer poisoned.
The quokka bites you. The adder bites you but does no damage.
The quokka closely misses you. The adder bites you.
You slash the adder!
You kill the adder!
You hit the quokka.
You kill the quokka!
Found 14 gold pieces.
You see here an adder corpse.
l - a scroll labelled TATUFYUZUZ
m - a ring of fire You now have 142 gold pieces (gained 14).
Found a whip.
Terence the Incautious comes into view.
He is wielding a +0 trident.
You block Terence's attack.
You barely miss Terence. Terence barely misses you. x2
You hit Terence but do no damage. Terence closely misses you.
You hit Terence.
Terence is moderately wounded.
Terence barely misses you. Terence closely misses you.
You barely miss Terence.
Terence is moderately wounded.
Terence hits you with a +0 trident.
You hit Terence but do no damage.
Terence is moderately wounded.
Terence hits you with a +0 trident.
You closely miss Terence.
Terence is moderately wounded.
Terence hits you with a +0 trident!
* * * LOW HITPOINT WARNING * * *
Terence hits you but does no damage.
You hit Terence.
Terence is heavily wounded.
Terence asks, "Do you want it fast or slow?"
Terence closely misses you.
You hit Terence but do no damage. Your headbutt misses Terence.
Terence is heavily wounded.
Terence hits you with a +0 trident.
You die...

#.....# .> #.....#
##.# #.....# ...##
......# ....## #.....#
.....###########.....#
.....#..........@...)#
...........# #@....#
......†....### #.....#
.....#†......###.....#
....###......#...#####
.....##........###
.....##........#
.....##........#####
.[...##............#
.....###....^.......#


You could see Terence.

Vanquished Creatures
  An adder (D:2)
  2 giant cockroaches (D:1)
  2 goblins (D:1)
  A hobgoblin (D:1)
  3 quokkas
  3 frilled lizards (D:1)
  3 rats (D:1)
15 creatures vanquished.

Notes
Turn   | Place    | Note
-------+----------+-------------------------------------------
     0 | D:1      | Revguard the Demonspawn Fighter began the quest for the
                  | Orb.
     0 | D:1      | Reached XP level 1. HP: 18/18 MP: 1/1
   330 | D:1      | Gained mutation: You have a pair of small horns on your
                  | head. [demonic ancestry]
   330 | D:1      | Reached XP level 2. HP: 24/24 MP: 2/2
   931 | D:2      | Noticed Terence
   942 | D:2      | Slain by Terence

Illustrated notes

Levels and vault maps discovered:
D:1:      lightli_arrival_windingriver, layout_basic
D:2:      layout_rooms, minmay_tiny_reverse_x, uniq_crazy_yiuf_cottage,
          uniq_terence

Skill      XL: |  1 |
---------------+----+-----
Axes           | 2 |  2.1
Fighting       | |  3.1
Armour         | |  2.8
Dodging        | |  0.4
Shields        | |  2.8
Invocations    | |  0.8
Evocations     | |  0.6

Action                     || total
---------------------------++-------
  Melee: War axe           ||    40
         Headbutt          ||     1
 Armour: Scale mail        ||    28
  Dodge: Dodged            ||    19
  Block: Buckler           ||     6

Table legend: (Time is in decaauts)
 A = Elapsed time spent in this place.
 B = Non-inter-level travel time spent in this place.
 C = Inter-level travel time spent in this place.
 D = Time resting spent in this place.
 E = Time spent auto-exploring this place.
 F = Levels seen in this place.
 G = Mean time per level.
                   A        B        C        D        E       F      G
               +--------+--------+--------+--------+--------+-----+--------+
         Total |    961 |    908 |     53 |      0 |    758 |   2 |  480.5 |
       Dungeon |    961 |    908 |     53 |      0 |    758 |   2 |  480.5 |
               +--------+--------+--------+--------+--------+-----+--------+

Top non-repeatable levels by time:
     D:1: 843 daAuts
     D:2: 117 daAuts
